 Dungeon Crawl Stone Soup version 0.27.1-4-g1640c2035a (webtiles) character file.

Game seed: 11389778100546655562

52523 scsoc the Severer (level 14, -8/132 HPs)
             Began as a Hill Orc Fighter on Nov 9, 2021.
             Was a High Priest of Beogh.
             Killed from afar by a raiju (15 damage)
             ... with a living lightning
             ... on level 1 of the Abyss.
             The game lasted 01:12:53 (20271 turns).

scsoc the Severer (Hill Orc Fighter)               Turns: 20271, Time: 01:12:53

Health: -8/132     AC: 40    Str: 24    XL:     14   Next: 64%
Magic:  14/14      EV:  6    Int: 12    God:    Beogh [*****.]
Gold:   1255       SH:  0    Dex: 12    Spells: 13/13 levels left

rFire    . . .     SeeInvis .   D - +9 battleaxe (drain)
rCold    . . .     Faith    .   (shield currently unavailable)
rNeg     . . .     Spirit   .   v - +9 crystal plate armour
rPois    +         Reflect  .   j - +0 helmet
rElec    .         Harm     .   C - +0 cloak
rCorr    .         Rampage  .   B - +0 pair of gloves
Will     +....                  (no boots)
Stlth    ..........             (no amulet)
HPRegen  0.32/turn              s - +4 ring of protection
MPRegen  0.14/turn              x - ring of Siprahig {rPois Int+2 Slay+2}

@: no status effects
A: walk on water, talons 1, agile 1, clever 1, evolution 1
a: Renounce Religion, Smiting, Recall Orcish Followers, Give Item to Named
Follower


You were on level 1 of the Abyss.
You worshipped Beogh.
Beogh was extremely pleased with you.
You visited 2 branches of the dungeon, and saw 17 of its levels.
You visited the Abyss 1 time.
You also visited: Sewer.

You collected 1557 gold pieces.
You spent 302 gold pieces at shops.

Inventory:

Hand Weapons
 b - a +2 vampiric war axe
 D - a +9 battleaxe of draining (weapon)
 Q - a +4 lajatang of pain
 R - a +1 war axe of electrocution
Missiles
 H - 2 throwing nets (quivered)
Armour
 j - a +0 helmet (worn)
 v - a +9 crystal plate armour (worn)
 B - a +0 pair of gloves (worn)
 C - a +0 cloak (worn)
 U - a +1 plate armour of fire resistance
Jewellery
 c - a ring of see invisible
 f - a ring of poison resistance
 k - a +4 ring of evasion
 s - a +4 ring of protection (left hand)
 x - the ring of Siprahig (right hand) {rPois Int+2 Slay+2}
   (You acquired it on level 5 of the Dungeon)

   [ring of poison resistance]

   Int:       It affects your intelligence (+2).
   Slay:      It affects your accuracy & damage with ranged weapons and melee
   (+2).
   rPois:     It protects you from poison.
 K - a ring of protection from fire
Wands
 d - a wand of acid (9)
 t - a wand of polymorph (7)
 A - a wand of charming (8)
 E - a wand of iceblast (14)
 G - a wand of digging (5)
 I - a wand of flame (32)
Scrolls
 a - 3 scrolls of amnesia
 h - 6 scrolls of fog
 p - 9 scrolls of teleportation
 q - 5 scrolls of noise
 u - 4 scrolls of blinking
 w - 2 scrolls of fear
 y - 14 scrolls of identify
 z - a scroll of summoning
 F - 3 scrolls of vulnerability
 J - a scroll of brand weapon
 L - a scroll of magic mapping
 M - 2 scrolls of enchant weapon
 O - a scroll of silence
Potions
 e - 2 potions of attraction
 g - a potion of might
 i - a potion of ambrosia
 l - 4 potions of curing
 m - 3 potions of magic
 n - 3 potions of brilliance
 o - 4 potions of lignification
 r - a potion of flight
 N - a potion of resistance
 P - a potion of mutation


   Skills:
 + Level 14.1 Fighting
 + Level 20.9 Axes
 + Level 13.0 Armour
 + Level 2.9 Dodging
 + Level 2.1 Stealth
 + Level 6.6 Shields


You had 13 spell levels left.
You didn't know any spells.
Your spell library contained the following spells:

 Spells                   Type           Power      Damage    Failure   Level
 Beastly Appendage        Tmut           0%         N/A       100%        1
 Corona                   Hex            0%         N/A       100%        1
 Shock                    Conj/Air       0%         1d3       100%        1
 Sting                    Tmut/Pois      0%         1d3       100%        1
 Ensorcelled Hibernation  Hex/Ice        0%         N/A       100%        2
 Poisonous Vapours        Pois/Air       0%         N/A       100%        2
 Wereblood                Tmut           0%         N/A       100%        2
 Call Canine Familiar     Summ           0%         N/A       100%        3
 Conjure Flame            Conj/Fire      0%         6-21      100%        3
 Gell's Gravitas          Tloc           0%         N/A       100%        3
 Ignite Poison            Fire/Tmut/Pois 0%         N/A       100%        3
 Lesser Beckoning         Tloc           0%         N/A       100%        3
 Portal Projectile        Hex/Tloc       0%         N/A       100%        3
 Spider Form              Tmut/Pois      0%         N/A       100%        3
 Summon Guardian Golem    Hex/Summ       0%         N/A       100%        3
 Swiftness                Air            0%         N/A       100%        3
 Teleport Other           Tloc           0%         N/A       100%        3
 Tukima's Dance           Hex            0%         N/A       100%        3
 Airstrike                Air            0%         N/A       100%        4
 Hailstorm                Conj/Ice       0%         3d3       100%        4
 Ice Form                 Ice/Tmut       0%         N/A       100%        4
 Leda's Liquefaction      Hex/Erth       0%         N/A       100%        4
 Olgreb's Toxic Radiance  Pois           0%         N/A       100%        4
 Sticky Flame             Conj/Fire      0%         2d3       100%        4
 Fireball                 Conj/Fire      0%         3d3       100%        5
 Simulacrum               Ice/Necr       0%         N/A       100%        6
 Starburst                Conj/Fire      0%         6d3       100%        6
 Orb of Destruction       Conj           0%         N/A       100%        7
 Spellforged Servitor     Conj/Summ      0%         N/A       100%        7
 Ignition                 Fire           0%         3d3       100%        8


Dungeon Overview and Level Annotations

Branches:
Dungeon (15/15)            Temple (0/1) D:6            Lair (0/6) D:9
    Orc (2/2) D:12         Vaults (0/5) D:13         Depths (0/5) D:15
  Sewer (visited)
    Elf: Orc:2

Altars:
Ashenzari
Cheibriados
Dithmenos
Gozag
Hepliaklqana
Kikubaaqudgha
Nemelex Xobeh
Okawaru
Qazlal
Sif Muna
Trog
Uskayaw
Vehumet
Yredelemnul

Shops:
D:8 *   Orc:1 [   Orc:2 !:(

Portals:
Abyss: D:9
Trove: D:15 (give +3 fire dragon scales)

Annotations:
D:9 2 transporters, Cheops's ghost, journeyman NaVM
Orc:2 Erolcha


Innate Abilities, Weirdness & Mutations

You can walk on water.
You have sharp toenails.
You are agile. (Dex +2)
Your mind is acute. (Int +2)
You evolve.


Message History

You start resting. 2 raiju come into view.
The raiju barks! x2; You hear a bark! x2
A raiju comes into view.
The raiju bursts into living lightning!
The living lightning hits you!
The raiju blinks! x2
You chop the raiju into pieces!!!
You kill the raiju!
Beogh accepts your kill.
A raiju comes into view.
The raiju barks!
The raiju bursts into living lightning!
The living lightning misses you.
The raiju blinks! x2
The raiju bites you but does no damage.
You slice the raiju!! Your kick misses the raiju.
The raiju is severely wounded.
You miss the raiju. The raiju completely misses you.
The raiju bursts into living lightning!
The living lightning hits you.
* * * LOW HITPOINT WARNING * * *
The raiju blinks!
You closely miss the raiju. Your kick misses the raiju.
The raiju is severely wounded.
You slice the raiju!! The raiju barely misses you.
The raiju bursts into living lightning!
The living lightning hits you!!
* * * LOW HITPOINT WARNING * * *
The raiju blinks!
You slice the raiju!!
You kill the raiju!
Beogh accepts your kill. The raiju bites you.
* * * LOW HITPOINT WARNING * * *
The raiju shocks you!
* * * LOW HITPOINT WARNING * * *
You slice the raiju!! Your kick misses the raiju.
The raiju is heavily wounded.
The raiju bursts into living lightning!
The living lightning hits you!
You die...

###≈ ≈ #### ...8.
.#≈#§# ..# ##....
_ #....
##..8#####.# .
#..##..........
..#§...§...#.#.#.
§........)...8.≈.
≈≈ ≈§≈#.§.h#.#.
≈... #≈.h.@..#
######..####'# #
.....≈ ....
...... #..8.§§
.∩..8.≈#.......#
####...#....§§§.#
..≈.≈≈...§§.##
......§.##


You could see 2 raiju.

Vanquished Creatures
  Azrael (D:14)
  Snorg (D:14)
  Fannar (D:12)
  5 vault guards
  3 boulder beetles
  An ogre mage (Orc:2)
  4 centaur warriors
  7 two-headed ogres
  A tengu warrior (D:14)
  A thrashing horror (Abyss:1)
  3 deep elf zephyrmancers (Orc:1)
  3 wizards
  5 deep elf pyromancers
  A wolf spider (D:14)
  A necromancer (D:15)
  6 orc sorcerers
  7 cyclopes
  A manticore (D:14)
  6 ugly things
  An apocalypse crab (Abyss:1)
  2 naga magi (D:15)
  An orange demon (Abyss:1)
  2 centaur skeletons (D:15)
  2 efreet
  A kobold demonologist (D:9)
  An unseen horror (D:5)
  A komodo dragon (D:11)
  A tengu conjurer (D:14)
  An ancient zyme (Abyss:1)
  A meliai (D:9)
  7 trolls
  2 hornets
  2 raiju (Abyss:1)
  4 slime creatures (D:12)
  A small abomination (Abyss:1)
  5 flying skulls (Abyss:1)
  2 shadows
  A vampire (D:10)
  A centaur simulacrum (D:15)
  A wyvern (D:10)
  2 water elementals (D:14)
  10 yaks
  3 fire elementals (D:14)
  7 humans (D:13)
  A basilisk (D:15)
  3 vampire mosquitoes (D:13)
  A steam dragon (D:7)
  A neqoxec (Abyss:1)
  3 wargs (D:9)
  2 water moccasins
  4 acid dragons
  A hell hound (D:14)
  2 sky beasts
  7 orc warriors
  3 black bears
  3 necrophages
  A hornet zombie (D:6)
  4 boggarts (D:14)
  3 ogres
  13 centaurs
  2 phantoms (D:12)
  3 kobold brigands
  3 bullfrogs
  2 gnoll sergeants
  4 scorpions (D:5)
  A hornet simulacrum (D:15)
  5 killer bees (D:9)
  A wight (D:5)
  An electric eel (D:14)
  2 howler monkeys
  4 lava snakes (D:11)
  3 centaur zombies
  6 hounds
  10 orc priests
  A bullfrog skeleton (D:7)
  3 gnoll shamans
  Ijyb (D:2)
  2 iguanas (D:5)
  28 orc wizards
  A killer bee zombie (D:8)
  6 ogre zombies (D:12)
  A hound zombie (D:5)
  A howler monkey zombie (D:8)
  Robin (D:2)
  25 gnolls
  17 adders
  7 river rats (Sewer)
  2 shadow imps (D:6)
  3 white imps
  An adder zombie (D:5)
  2 worms (D:3)
  4 dart slugs
  37 orcs
  8 endoplasms
  3 giant cockroaches
  15 goblins
  12 hobgoblins
  7 jackals
  7 quokkas
  27 ball pythons
  6 bats
  8 frilled lizards
  2 goblin zombies (D:12)
  3 hobgoblin skeletons (D:12)
  3 hobgoblin zombies (D:12)
  12 kobolds
  8 orc skeletons (D:12)
  9 orc zombies (D:12)
  25 rats
  A lurking horror (Abyss:1)
518 creatures vanquished.

Vanquished Creatures (collateral kills)
  The ghost of dxb338 the Cleaver, a journeyman HOMo of Beogh (Orc:1)
  A rakshasa (D:15)
  A deep elf zephyrmancer (Orc:1)
  2 deep elf pyromancers (Orc:1)
  An orc sorcerer (Orc:1)
  A cyclops (D:14)
  A centaur skeleton (D:15)
  A freezing wraith (D:15)
  A troll (Orc:2)
  A basilisk (D:13)
  A hell hound (D:14)
  2 orc warriors
  An electric eel (D:13)
  4 orc wizards
  2 ogre zombies (D:12)
  A gnoll (Orc:1)
  An orc (Orc:1)
23 creatures vanquished.

Vanquished Creatures (others)
  A vault guard (D:13)
  2 orc knights
  4 orc sorcerers
  2 orc warriors (Orc:1)
  A boggart (D:14)
  2 orc priests
  3 orc wizards (Orc:2)
  13 orcs
  A jackal (D:3)
  5 fungi (D:6)
34 creatures vanquished.

Grand Total: 575 creatures vanquished

Notes
Turn   | Place    | Note
-------+----------+-------------------------------------------
     0 | D:1      | scsoc the Hill Orc Fighter began the quest for the Orb.
     0 | D:1      | Reached XP level 1. HP: 19/19 MP: 1/1
    72 | D:1      | Reached XP level 2. HP: 26/27 MP: 2/2
    94 | D:1      | Reached skill level 3 in Axes
   206 | D:1      | You fall into a shaft and drop 1 floor!
   274 | D:1      | Reached XP level 3. HP: 29/33 MP: 3/3
   519 | D:1      | Found a faded altar of an unknown god.
   924 | D:2      | Reached XP level 4. HP: 40/40 MP: 4/4
   959 | D:2      | Reached skill level 4 in Axes
  1771 | D:3      | Noticed Robin
  1771 | D:3      | Noticed Ijyb
  2100 | D:2      | Killed Ijyb
  2101 | D:2      | Reached skill level 1 in Dodging
  2101 | D:2      | Reached XP level 5. HP: 19/46 MP: 5/5
  2445 | D:2      | Killed Robin
  2465 | D:2      | Reached skill level 5 in Axes
  2684 | D:3      | Noticed a water moccasin
  2694 | D:3      | Killed a water moccasin
  2695 | D:3      | Reached XP level 6. HP: 31/53 MP: 6/6
  3101 | D:3      | Reached skill level 6 in Axes
  3172 | D:3      | Noticed a necrophage
  3178 | D:3      | Killed a necrophage
  3179 | D:3      | Reached XP level 7. HP: 55/60 MP: 7/7
  3512 | D:3      | Found a radiant altar of Vehumet.
  3670 | D:3      | Found a snail-covered altar of Cheibriados.
  3867 | D:4      | Found a glowing drain.
  3884 | Sewer    | Entered a sewer
  4186 | Sewer    | Reached skill level 5 in Fighting
  4292 | Sewer    | Reached skill level 7 in Axes
  4510 | D:4      | Reached skill level 5 in Armour
  4510 | D:4      | Reached skill level 5 in Shields
  4586 | D:4      | Reached XP level 8. HP: 48/68 MP: 8/8
  4714 | D:4      | Found a broken altar of Ashenzari.
  4740 | D:4      | Reached skill level 8 in Axes
  4763 | D:4      | Found an ancient bone altar of Kikubaaqudgha.
  4952 | D:4      | Found a bloodstained altar of Trog.
  5215 | D:5      | Entered Level 5 of the Dungeon
  5563 | D:5      | Reached skill level 9 in Axes
  6393 | D:5      | Reached XP level 9. HP: 75/75 MP: 9/9
  6411 | D:5      | Reached skill level 10 in Axes
  6457 | D:5      | Gained mutation: You occasionally shout uncontrollably at
                  | your foes. [potion of mutation]
  6457 | D:5      | Gained mutation: You expend magic power (3 MP) to
                  | strengthen your wands. [potion of mutation]
  6457 | D:5      | Gained mutation: You evolve. [potion of mutation]
  6458 | D:5      | Lost mutation: You occasionally shout uncontrollably at
                  | your foes. [potion of mutation]
  6458 | D:5      | Lost mutation: You expend magic power (3 MP) to strengthen
                  | your wands. [potion of mutation]
  6458 | D:5      | Gained mutation: You have sharp toenails. [potion of
                  | mutation]
  6637 | D:5      | Identified 2 scrolls of acquirement
  6637 | D:5      | Acquired the ring of Siprahig {rPois Int+2 Slay+2}
  6638 | D:5      | Acquired a +0 crystal plate armour
  6848 | D:5      | Killed an unseen horror
  7427 | D:6      | Found a staircase to the Ecumenical Temple.
  7521 | D:6      | Became a worshipper of Beogh the Brigand
  7532 | D:6      | Found a basalt altar of Yredelemnul.
  7657 | D:6      | Identified the +3 rapier of World's End {vamp, rC- Dex+7}
  7663 | D:6      | Reached skill level 11 in Axes
  8084 | D:7      | Found a stormy altar of Qazlal.
  8229 | D:7      | Reached XP level 10. HP: 83/86 MP: 10/10
  8285 | D:7      | Found a sparkling altar of Nemelex Xobeh.
  8347 | D:7      | Found an opulent altar of Gozag.
  8351 | D:7      | Found a shimmering blue altar of Sif Muna.
  8492 | D:8      | Found a hazy altar of Hepliaklqana.
  8610 | D:8      | Reached * piety under Beogh
  8618 | D:8      | Reached skill level 12 in Axes
  8694 | D:8      | Found Myasol's Assorted Antiques.
  8704 | D:8      | Bought a scroll of enchant weapon for 172 gold pieces
  8704 | D:8      | Bought a scroll of identify for 46 gold pieces
  8935 | D:8      | Gained mutation: Your mind is acute. (Int +2) [evolution]
  9258 | D:8      | Noticed a two-headed ogre
  9267 | D:8      | Killed a two-headed ogre
  9451 | D:9      | Found a shadowy altar of Dithmenos.
  9485 | D:9      | Reached skill level 13 in Axes
  9524 | D:9      | Paralysed by a hornet for 1 turns
  9897 | D:9      | Reached ** piety under Beogh
 10006 | D:9      | Found a staircase to the Lair.
 10191 | D:9      | Noticed a kobold demonologist
 10205 | D:9      | Reached skill level 14 in Axes
 10210 | D:9      | Reached XP level 11. HP: 62/95 MP: 11/11
 10242 | D:9      | Found a one-way gate to the infinite horrors of the Abyss.
 10250 | D:9      | Found a transporter.
 10266 | D:9      | Found a transporter.
 10885 | D:9      | Noticed a moth of wrath
 10888 | D:9      | Noticed Cheops's ghost (journeyman NaVM)
 10892 | D:9      | Noticed a deep troll
 10892 | D:9      | a moth of wrath changed into a deep troll
 11018 | D:10     | Entered Level 10 of the Dungeon
 11241 | D:10     | Reached skill level 15 in Axes
 11277 | D:10     | Gained mutation: You are clumsy. (Dex -2) [evolution]
 11290 | D:10     | Found a hide-covered altar of Uskayaw.
 11883 | D:11     | Found the +9 staff of Olgreb {rPois∞}
 12098 | D:11     | Noticed a wizard
 12103 | D:11     | Killed a wizard
 12291 | D:11     | Noticed a brown ugly thing
 12293 | D:11     | Noticed a cyclops
 12296 | D:11     | Killed a brown ugly thing
 12309 | D:11     | Killed a cyclops
 12460 | D:11     | Reached skill level 16 in Axes
 12523 | D:11     | Noticed a two-headed ogre
 12530 | D:11     | Killed a two-headed ogre
 12671 | D:11     | Noticed a boulder beetle
 12684 | D:11     | Killed a boulder beetle
 12754 | D:11     | Lost mutation: You are clumsy. (Dex -2) [evolution]
 13078 | D:12     | Noticed a two-headed ogre
 13087 | D:11     | Reached skill level 10 in Fighting
 13289 | D:12     | Noticed a two-headed ogre
 13296 | D:12     | Killed a two-headed ogre
 13297 | D:12     | Reached skill level 10 in Armour
 13297 | D:12     | Reached XP level 12. HP: 94/106 MP: 12/12
 13348 | D:12     | Noticed Fannar
 13362 | D:12     | Killed Fannar
 13362 | D:12     | Reached *** piety under Beogh
 13483 | D:12     | Reached skill level 17 in Axes
 13559 | D:12     | Killed a two-headed ogre
 13949 | D:12     | Found a staircase to the Orcish Mines.
 13983 | D:12     | Reached **** piety under Beogh
 14204 | D:12     | Gained mutation: You are agile. (Dex +2) [evolution]
 14305 | D:12     | Reached skill level 18 in Axes
 14479 | D:13     | Noticed a two-headed ogre
 14486 | D:13     | Killed a two-headed ogre
 14722 | D:13     | Killed a vault guard
 14784 | D:13     | Noticed a centaur warrior
 14791 | D:13     | Killed a centaur warrior
 14952 | D:13     | Gained Geork as an ally
 14990 | D:13     | Reached skill level 1 in Stealth
 15240 | D:13     | Noticed a vault guard
 15240 | D:13     | Noticed a vault guard
 15242 | D:13     | Noticed a vault guard
 15242 | D:13     | Noticed a vault guard
 15252 | D:13     | Killed a vault guard
 15253 | D:13     | Reached XP level 13. HP: 113/116 MP: 13/13
 15260 | D:13     | Killed a vault guard
 15262 | D:13     | Killed a vault guard
 15263 | D:13     | Reached skill level 19 in Axes
 15264 | D:13     | Killed a vault guard
 15295 | D:13     | Found a gate to the Vaults.
 15670 | D:14     | Found an iron altar of Okawaru.
 15675 | D:14     | Noticed Snorg
 15687 | D:14     | Noticed Azrael
 15696 | D:14     | Killed Snorg
 15703 | D:14     | Your ally Geork died
 16555 | D:14     | Killed Azrael
 16590 | D:14     | Reached ***** piety under Beogh
 17196 | D:14     | Reached skill level 20 in Axes
 17425 | D:15     | Entered Level 15 of the Dungeon
 17679 | D:15     | Noticed a rakshasa
 17689 | D:15     | Killed a rakshasa
 18369 | D:15     | Found a staircase to the Depths.
 18374 | D:15     | Reached XP level 14. HP: 126/127 MP: 14/14
 18431 | D:15     | Gained Morguth as an ally
 18498 | D:15     | Found a portal to a secret trove of treasure.
 18712 | Orc:1    | Entered Level 1 of the Orcish Mines
 18736 | Orc:1    | Gained Olfrun as an ally
 18740 | Orc:1    | Your ally Olfrun died
 18742 | Orc:1    | Found a runed translucent door.
 18742 | Orc:1    | Noticed dxb338's ghost (journeyman HOMo)
 19074 | Orc:1    | Found Wehene's Armour Shop.
 19499 | Orc:1    | Killed dxb338's ghost
 19583 | Orc:2    | Entered Level 2 of the Orcish Mines
 19739 | Orc:2    | Found Queczuim's Distillery.
 19748 | Orc:2    | Bought a potion of curing for 36 gold pieces
 19748 | Orc:2    | Bought a potion of might for 48 gold pieces
 20005 | Orc:2    | Found Hyorin's Antique Weapon Emporium.
 20026 | Orc:2    | Found an ancient bone altar of Kikubaaqudgha.
 20040 | Orc:2    | Found Ytume's Book Shoppe.
 20042 | Orc:2    | Noticed Erolcha
 20060 | Orc:2    | Cast into level 1 of the Abyss (Erolcha)
 20173 | Abyss:1  | Paralysed by you for 5 turns
 20257 | Abyss:1  | Found a snail-covered altar of Cheibriados.
 20271 | Abyss:1  | Killed from afar by a raiju

Illustrated notes

Levels and vault maps discovered:
D:1:      lightli_arrival_noodles, layout_rooms,
          hellmonk_ecumenical_altar_heavens_door, st_stairs_10,
          chequers_serial_rivers_large_b
D:2:      layout_basic
D:3:      layout_rooms, cheibrodos_worm_habitat, lemuel_round_altar,
          minmay_snake_closets, uniq_robin, uniq_ijyb
D:4:      layout_cave_pools, mainiacjoe_overflow_brackets,
          nicolae_ashenzari_panopticon, kiku_gazebo_pond_becter,
          gup_sewer_entry_pipe, minmay_a_box_with_orc_wizards_in_it
D:5:      layout_basic, st_stairs_2, minmay_joined_circles
D:6:      layout_cave_pools, mainiacjoe_overflow_boulevard,
          minmay_temple_entry_nine_rooms
D:7:      layout_basic, mainiacjoe_overflow_small_starburst,
          nicolae_qazlal_scattered_showers, minitemple, hangedman_decor_riveting
D:8:      layout_loops_ring, lemuel_tele_altar, serial_shops,
          nicolae_shop_trees, kennysheep_doodads, minmay_microvault
D:9:      layout_basic, nicolae_dithmenos_the_darkroom,
          erik_lair_orcish_takeover, enter_bailey_2,
          gammafunk_ghost_abyssal_escape, grunt_tough_drop
D:10:     layout_rooms, overflow_temple_1_default, st_stairs_3,
          nicolae_benzene_ring
D:11:     layout_basic, kennysheep_big_empty_room, minmay_librarian
D:12:     layout_loops_ring, zombieorc2_lemuel, minmay_quadrilaterals,
          uniq_fannar
D:13:     layout_loops_cross, ximxim_vaults_locker_room, minivault_4
D:14:     layout_basic, okawaru_gym_becter, uniq_azrael, uniq_snorg
D:15:     grunt_enter_depths_magical_seal, layout_loops_ring,
          minmay_misc_feat_tower, enter_trove_5, chequers_serial_rivers_micro_c
Orc:1:    layout_diamond_mine, serial_shops, nicolae_shop_stone,
          ebering_ghost_inner_flame, elves_outpost_lemuel
Orc:2:    kennysheep_orc_mage_school, layout_caves, serial_shops, shop
Abyss:1:  base:
Lair:6

Skill      XL: |  1  2  3  4  5  6  7  8  9 10 11 12 13 14 |
---------------+-------------------------------------------+-----
Axes           | 3 4 5 6 7 9 11 14 16 18 20 | 20.9
Fighting       | 4 5 6 7 8 10 11 12 14 | 14.1
Shields        | 4 5 6 |  6.6
Dodging        | 1 2 |  2.9
Armour         | 4 5 6 7 8 10 12 13 | 13.0
Stealth        | 1 2 |  2.1

Action                   |  1- 3 |  4- 6 |  7- 9 | 10-12 | 13-15 || total
-------------------------+-------+-------+-------+-------+-------++-------
Melee: War axe           |    56 |   213 |   341 |       |       ||   610
       Battleaxe         |       |       |   106 |   386 |   302 ||   794
       Kick              |       |       |    22 |   116 |    99 ||   237
Invok: Convert to Beogh  |       |       |     1 |       |       ||     1
       Recall Orcish Fol |       |       |       |       |     1 ||     1
       Give Item to Name |       |       |       |       |     1 ||     1
  Use: Potion            |       |     1 |    10 |     5 |     1 ||    17
       Scroll            |       |     1 |    19 |    15 |     5 ||    40
 Stab: Invisible         |       |       |     1 |       |       ||     1
       Distracted        |       |       |       |     1 |     2 ||     3
Armor: Scale mail        |    36 |    95 |     8 |       |       ||   139
       Chain mail        |       |       |   135 |       |       ||   135
       Crystal plate arm |       |       |    84 |   304 |   218 ||   606
Dodge: Dodged            |    31 |   125 |   206 |   125 |    67 ||   554
Block: Kite shield       |    40 |   137 |   177 |       |       ||   354
